 Dungeon Crawl Stone Soup version 0.18-a0-1718-g40ea4b6 (webtiles) character file.

107 barb4r1an the Conjurer (level 4, 0/36 HPs)
             Began as a Deep Elf Conjurer on Apr 8, 2016.
             Slain by a goblin
             ... wielding a +0 dagger of electrocution
             ... led by Robin
              (1 damage)
             ... on level 3 of the Dungeon.
             The game lasted 00:15:24 (2252 turns).

barb4r1an the Conjurer (Deep Elf Conjurer)          Turns: 2252, Time: 00:15:25

Health: 0/36       AC: 22    Str:  5    XL:     4   Next: 56%
Magic:  6/12       EV:  2    Int: 21    God:
Gold:   115        SH:  0    Dex: 15    Spells: 2 memorised, 8 levels left

rFire  . . .     SeeInvis .     l - +0 short sword
rCold  . . .     Gourm    .     (armour currently unavailable)
rNeg   + + +     Faith    .     (no shield)
rPois  +         Spirit   .     (helmet currently unavailable)
rElec  .         Dismiss  .     (cloak currently unavailable)
rCorr  .         Reflect  .     (gloves currently unavailable)
SustAt .         Harm     .     (boots currently unavailable)
MR     .....     NoTele   +     (no amulet)
Stlth  +++.......               (no ring)
                                (no ring)

@: tree-form, not resistant to hostile enchantments, fairly stealthy
A: no striking features
a: no special abilities


You were on level 3 of the Dungeon.
You were not hungry.
You were a tree.
You visited 1 branch of the dungeon, and saw 3 of its levels.

You collected 115 gold pieces.

Inventory:

Hand Weapons
 l - a +0 short sword (weapon)
Armour
 a - a +0 robe (melded)
 j - a +1 pair of boots (melded)
 q - a +0 cloak (melded)
 s - a +1 cloak
Wands
 o - a wand of digging (15/24)
Scrolls
 e - 2 scrolls of blinking {unknown}
 f - a scroll of fog {unknown}
 g - a scroll of enchant weapon {unknown}
 h - 4 scrolls of identify {unknown}
 i - 2 scrolls of magic mapping {unknown}
 m - 2 scrolls of remove curse {unknown}
Potions
 k - 2 potions of haste {unknown}
 n - a potion of agility {unknown}
 p - a potion of resistance {unknown}
 r - a potion of invisibility {unknown}
Books
 b - a book of Conjurations

   Spells                             Type                      Level
   a - Magic Dart                     Conjuration                  1
   b - Searing Ray                    Conjuration                  2
   c - Dazzling Spray                 Conjuration/Hexes            3
   d - Fulminant Prism                Conjuration/Hexes            4
   e - Iskenderun's Mystic Blast      Conjuration                  4
   f - Iskenderun's Battlesphere      Conjuration/Charms           5
Comestibles
 c - 3 bread rations
 d - 2 fruits


   Skills:
 + Level 3.1 Dodging
 + Level 3.4 Stealth
 + Level 4.0 Spellcasting
 + Level 5.5 Conjurations


You had 8 spell levels left.
You knew the following spells:

 Your Spells              Type           Power        Failure   Level  Hunger
a - Magic Dart            Conj           ####         1%          1    None
b - Searing Ray           Conj           ####..       1%          2    #......


Dungeon Overview and Level Annotations

Branches:
Dungeon (3/15)

Altars:
Cheibriados

Annotations:
D:3 Robin


Message History

An orc comes into view.
The goblin hits you but does no damage.
You are electrocuted!
Ouch! That really hurt!
Robin hits you but does no damage.
The orc moves out of view.
A goblin comes into view. It is wielding a club.
The hobgoblin shouts!
The goblin hits you but does no damage. x2; Robin zaps a wand.
You resist with some effort. The goblin hits you but does no damage.
Robin zaps a wand.
The goblin shouts! x2
The goblin hits you but does no damage. x3; Robin throws the goblin at you!
The hobgoblin hits you but does no damage.
The goblin hits you but does no damage.
You are electrocuted!
* * * LOW HITPOINT WARNING * * *
The goblin hits you but does no damage. x2; Robin hits you but does no damage.
The goblin hits you but does no damage.
The hobgoblin hits you but does no damage.
The goblin hits you but does no damage. x2; Robin hits you but does no damage.
The goblin hits you with a dagger of electrocution.
You die...

#.# # #.. ... #.#.#
#.. #.#.# #.## #
#...# #(. .# # #.#
#o##.# .#
#.#####g†..##.#
###.....ggg.....#
##.......g♣g.g.##
##...........(...###
#...................
##..........)....##
##.............##
#.####.#.....## # #.
#.##...### # #.
#.###.##.## # #.#
#.....# #


You could see Robin, an orc (wandering), a hobgoblin and 5 goblins.

Vanquished Creatures
  Jessica (D:3)
  An ooze (D:1)
  2 dart slugs (D:2)
  A worm (D:2)
  2 giant geckos
  6 bats
  3 giant cockroaches
  13 goblins
  10 hobgoblins
  7 jackals
  3 ball pythons (D:2)
  2 giant newts
  9 kobolds
  2 rats (D:1)
62 creatures vanquished.

Notes
Turn   | Place    | Note
--------------------------------------------------------------
     0 | D:1      | barb4r1an the Deep Elf Conjurer began the quest for the Orb.
     0 | D:1      | Reached XP level 1. HP: 10/10 MP: 6/6
   175 | D:1      | Reached XP level 2. HP: 15/15 MP: 4/8
   299 | D:1      | Reached skill level 5 in Conjurations
   697 | D:1      | Reached XP level 3. HP: 8/19 MP: 0/9
   892 | D:1      | Learned a level 2 spell: Searing Ray
  1717 | D:2      | Reached XP level 4. HP: 24/24 MP: 7/11
  1911 | D:2      | Found a snail-covered altar of Cheibriados.
  2192 | D:3      | Noticed Jessica
  2197 | D:3      | Killed Jessica
  2237 | D:3      | Noticed Robin
  2250 | D:3      | HP: 1/36 [goblin/dagger of electrocution[Robin] (16)]
  2252 | D:3      | Slain by a goblin

Vault maps used:
D:1:      lemuel_arrival_funnel
D:2:      kennysheep_six_static_rooms, cheibriados_altar_1
D:3:      roderic_batcave, uniq_iyjb, uniq_robin, uniq_jessica

Skill      XL: |  1  2  3  4 |
---------------+-------------+-----
Conjurations   | 5 |  5.5
Stealth        | 3 |  3.4
Spellcasting   | 4 |  4.0
Dodging        | 3 |  3.1

Action                   |  1- 3 |  4- 6 || total
-------------------------+-------+-------++-------
Melee: Unarmed           |    14 |       ||    14
 Cast: Magic Dart        |   108 |    18 ||   126
  Eat: Bread ration      |     1 |       ||     1
